 Dungeon Crawl Stone Soup version 0.25-a0-576-g50b708a4c4 (webtiles) character file.

Game seed: 17970828170385436994, levelgen mode: deterministic

24 Flugslaktarn the Shield-Bearer (level 2, 0/27 HPs)
             Began as a Deep Dwarf Fighter on Mar 1, 2020.
             Killed by divine providence
             ... invoked by an orc priest
              (9 damage)
             ... on level 3 of the Dungeon.
             The game lasted 00:00:11 (239 turns).

Flugslaktarn the Shield-Bearer (Deep Dwarf Fighter)  Turns: 239, Time: 00:00:12

Health: 0/27       AC:  6    Str: 19    XL:     2   Next: 79%
Magic:  2/2        EV:  7    Int:  8    God:
Gold:   5          SH:  9    Dex: 12    Spells: 1/1 levels left

rFire    . . .     SeeInvis .   a - +0 war axe
rCold    . . .     Gourm    .   c - +0 kite shield
rNeg     . . .     Faith    .   b - +0 scale mail
rPois    .         Spirit   .   (no helmet)
rElec    .         Reflect  .   (no cloak)
rCorr    .         Harm     .   (no gloves)
MR       .....                  (no boots)
Stlth    ..........             (no amulet)
HPRegen  0.00/turn              (no ring)
MPRegen  0.08/turn              (no ring)

@: non-regenerating
A: damage resistance, heal wounds, sense surroundings 1, no regeneration
a: Heal Wounds


You were on level 3 of the Dungeon.
You were not hungry.

You visited 1 branch of the dungeon, and saw 3 of its levels.

You collected 5 gold pieces.

Inventory:

Hand Weapons
 a - a +0 war axe (weapon)
Armour
 b - a +0 scale mail (worn)
 c - a +0 kite shield (worn)
Scrolls
 f - a scroll of random uselessness {unknown}
 g - a scroll of identify {unknown}
 i - a scroll of immolation {unknown}
 j - a scroll of remove curse {unknown}
Potions
 d - a potion of might
Comestibles
 e - 2 rations
 h - 6 chunks of flesh


   Skills:
 + Level 2.9 Fighting
 * Level 2.9 Axes
 + Level 3.5 Armour
 + Level 3.5 Shields


You had one spell level left.
You didn't know any spells.
Your spell library was empty.

Dungeon Overview and Level Annotations

Branches:
Dungeon (3/15)

Altars:


Innate Abilities, Weirdness & Mutations

You are resistant to damage.
You can heal yourself by infusing magical energy.
You passively map a small area around you.
You do not regenerate.


Message History

Some of the chunks of flesh in your inventory have rotted away.
You closely miss the orc.
The orc is moderately wounded.
You barely miss the orc wizard.
Your shield prevents you from hitting the orc.
You closely miss the orc. You block the orc's attack.
The orc hits you but does no damage. The orc hits you with a +0 flail.
The orc hits you. The orc wizard misses you. The orc hits you with a +0 club.
You are too injured to fight recklessly!
You are too injured to fight recklessly!
You are too injured to fight recklessly!
You are too injured to fight recklessly!
You are too injured to fight recklessly!
You are too injured to fight recklessly!
You are too injured to fight recklessly!
You are too injured to fight recklessly!
You fail to use your ability.
The orc priest mumbles some strange prayers to Beogh against you.
Beogh smites you!
You die...

#$... , #....,
, , , ## ....
## * . * ,
>..,...
,.##*.. , , ,
..,.., ..#.. *
* #.#.##..., ,
#.##...K#.# *
,
*.....oooo.##,
, *
..##..oo@..#,
, * ,
#.#.oo)...# ,
, ..
#.......... *,
#S#*
#......##.# *
# #.#....# ,.
#.##.... , * *
#. ##.## , * ,
, *.. .#


You could see 2 orc priests, an orc wizard, 5 orcs and a kobold.

Vanquished Creatures
  An adder (D:3)
  A bat (D:1)
  A giant cockroach (D:2)
  4 goblins
  A hobgoblin (D:2)
  4 kobolds
  A rat (D:2)
13 creatures vanquished.

Notes
Turn   | Place    | Note
-------+----------+-------------------------------------------
     0 | D:1      | Flugslaktarn the Deep Dwarf Fighter began the quest for the
                  | Orb.
     0 | D:1      | Reached XP level 1. HP: 20/20 MP: 1/1
    78 | D:2      | Reached XP level 2. HP: 25/27 MP: 2/2
   239 | D:3      | Killed from afar by an orc priest

Levels and vault maps discovered:
D:1:      psy_arrival_statuary, layout_rooms
D:2:      layout_basic, old_standard_altar, first_ration
D:3:      layout_loops_ring, grunt_gozag_statues, lemuel_coloured_pillars_altar,
          minitemple, old_standard_altar, tso_oasis_becter,
          grunt_decor_resistance, uniq_ijyb

Action                   || total
-------------------------++-------
Melee: War axe           ||    32
Armor: Scale mail        ||     9
Dodge: Dodged            ||    11
Block: Kite shield       ||    20

Table legend:
 A = Non-vault XP
 B = Vault XP
 C = Vault XP percentage of total XP
 D = Non-vault monster count
 E = Vault monster count
 F = Vault count percentage of total count
                 A         B        C        D         E       F
            +---------+---------+-------+---------+---------+-------
      Total |      35 |       0 |   0.0 |      13 |       0 |   0.0
            +---------+---------+-------+---------+---------+-------
        D:1 |       6 |       0 |   0.0 |       3 |       0 |   0.0
        D:2 |      14 |       0 |   0.0 |       8 |       0 |   0.0
        D:3 |      15 |       0 |   0.0 |       2 |       0 |   0.0
            +---------+---------+-------+---------+---------+-------
